 Dungeon Crawl Stone Soup version 0.31.0-11-ge490571c62 (webtiles) character file.

Game seed: 7055103451125484033

553 Arctor the Magician (level 7, -8/54 HPs)
             Began as a Deep Elf Fire Elementalist on Feb 6, 2024.
             Was a Believer of Vehumet.
             Mangled by a gnoll bouda
             ... wielding a +0 club
              (10 damage)
             ... on level 4 of the Dungeon on Feb 7, 2024.
             The game lasted 00:06:55 (7079 turns).

Arctor the Magician (Deep Elf Fire Elementalist)    Turns: 7079, Time: 00:06:56

Health: -8/54      AC:  3    Str:  5    XL:     7   Next: 8%
Magic:  4/16       EV: 14    Int: 22    God:    Vehumet [**....]
Gold:   248        SH:  0    Dex: 15    Spells: 9/16 levels left

rFire   + . .        (no weapon)
rCold   . . .        (no shield)
rNeg    . . .        a - +0 robe
rPois   +            (no helmet)
rElec   .            (no cloak)
rCorr   .            (no gloves)
SInv    .            l - +0 pair of boots
Will    .....        (no amulet) Stlth
                     k - ring of poison resistance
HPRegen 0.29/turn    (no ring)
MPRegen 0.15/turn

%: no passive effects
@: mighty, brilliant, berserking, very quick
A: fire resistance 1, inability to read after injury 1
a: Renounce Religion


You were on level 4 of the Dungeon.
You worshipped Vehumet.
Vehumet was pleased with you.
You visited 2 branches of the dungeon, and saw 6 of its levels.

You collected 248 gold pieces.

Inventory:

Missiles
 d - 2 throwing nets
Armour
 a - a +0 robe (worn)
 l - a +0 pair of boots (worn)
Jewellery
 k - a ring of poison resistance (left hand)
Wands
 n - a wand of polymorph (6)
Scrolls
 c - 2 scrolls of enchant weapon {unknown}
 e - 3 scrolls of identify {unknown}
 f - a scroll of immolation {unknown}
 m - a scroll of teleportation {unknown}
Potions
 b - a potion of magic
 h - a potion of brilliance
 i - a potion of might


   Skills:
 + Level 4.5 Dodging
 + Level 4.9 Stealth
 + Level 5.3 Spellcasting
 + Level 3.7 Conjurations
 + Level 4.9 Fire Magic
 + Level 0.4 Alchemy


You had 9 spell levels left.
You knew the following spells:

 Your Spells              Type           Power      Damage    Failure   Level
a - Foxfire               Conj/Fire      100%       2x1d9     1%          1
b - Scorch                Fire           82%        2d8       1%          2
c - Olgreb's Toxic Radia  Alch           11%        N/A       63%         4

Your spell library contained the following spells:

 Spells                   Type           Power      Damage    Failure   Level
 Sandblast                Erth           16%        2d6       10%         1
 Sting                    Conj/Alch      88%        1d8       4%          1
 Inner Flame              Hex/Fire       25%        N/A       11%         3
 Volatile Blastmotes      Fire/Tloc      50%        2d14      11%         3
 Mercury Vapours          Alch/Air       20%        N/A       14%         2
 Flame Wave               Conj/Fire      37%        2d10      17%         4


Dungeon Overview and Level Annotations

Branches:
Dungeon (5/15)             Temple (1/1) D:4

Altars:
Ashenzari
Fedhas
Makhleb
Ru
Trog
Vehumet
Yredelemnul
Lugonu

Portals:
Abyss: D:3 Temple


Innate Abilities, Weirdness & Mutations

Your flesh is heat resistant. (rF+)
You occasionally lose the ability to read scrolls when taking damage.


Message History

Vehumet accepts your kill.
The gnoll bouda attacks as it pursues you!
The gnoll bouda hits you with a +0 club.
* * * LOW HITPOINT WARNING * * *
The gnoll bouda gazes fiercely through you!
You feel your attacks grow feeble.
The gnoll bouda attacks as it pursues you!
The gnoll bouda hits you with a +0 club.
* * * LOW HITPOINT WARNING * * *
It was a potion of brilliance.
You feel clever all of a sudden.
It was a potion of might.
You feel very mighty all of a sudden.
The gnoll bouda barks out a call to the hunt!
The gnoll picks up the pace!
Okay, then.
The gnoll closely misses you.
Your attacks no longer feel as feeble.
The gnoll bouda attacks as it pursues you!
The gnoll bouda hits you with a +0 club.
* * * LOW HITPOINT WARNING * * *
It was a potion of berserk rage.
A red film seems to cover your vision as you go berserk!
You feel yourself moving faster!
You feel mighty! The gnoll barely misses you.
The gnoll bouda hits you with a +0 club.
* * * LOW HITPOINT WARNING * * *
You are too berserk!
You punch the gnoll!
The gnoll is severely wounded.
The gnoll closely misses you.
You hit the gnoll.
You kill the gnoll!
Vehumet accepts your kill. The gnoll bouda barely misses you.
You hit the gnoll bouda.
The gnoll bouda is lightly wounded.
You hit the gnoll bouda.
The gnoll bouda is heavily wounded.
The gnoll bouda hits you with a +0 club!
You die...

.....######.##'###....#
..)..######.##.# #.##.#
............##.###.##.#
.....#####.......#.##.#
.........#...#.#.#.##.#
#...####.#...#.....##.#
.................>....#
.....###.#...#.#...####
.......#.###.#.#@..#
.#...........#..)g.#
.#.......##..####..#
.#....#..##........#
.#.................#
.##....#.##...)##.##
.......#..####.##.#
.≈≈≈...##..g...##.#
≈≈≈≈≈..###.)#####.#


You could see a gnoll bouda.

Vanquished Creatures
  A phantom (D:4)
  A weeping skull (D:3)
  An orc priest (D:4)
  An iguana (D:4)
  Ijyb (D:4)
  An orc wizard (D:4)
  2 adders (D:4)
  12 gnolls
  A dart slug (D:1)
  6 orcs
  5 ball pythons
  8 endoplasms
  2 giant cockroaches (D:1)
  33 goblins
  33 hobgoblins
  6 jackals
  7 quokkas
  6 bats
  2 frilled lizards
  9 kobolds
  5 rats
  A spectral orc (D:3)
144 creatures vanquished.

Vanquished Creatures (collateral kills)
  3 foxfires (D:2)
3 creatures vanquished.

Vanquished Creatures (others)
  A kobold (D:3)
  710 foxfires
711 creatures vanquished.

Grand Total: 858 creatures vanquished

Notes
Turn   | Place    | Note
-------+----------+-------------------------------------------
     0 | D:1      | Arctor the Deep Elf Fire Elementalist began the quest for
                  | the Orb.
     0 | D:1      | Reached XP level 1. HP: 10/10 MP: 6/6
   192 | D:1      | Reached XP level 2. HP: 15/15 MP: 1/8
   268 | D:1      | Learned a level 2 spell: Scorch
  1347 | D:2      | Reached XP level 3. HP: 6/19 MP: 3/9
  2059 | D:2      | Found a burning altar of Makhleb.
  3200 | D:3      | Reached XP level 4. HP: 12/24 MP: 1/11
  3426 | D:3      | Found a burning altar of Makhleb.
  3426 | D:3      | Noticed a blizzard demon
  3429 | D:3      | Noticed a hellwing
  3429 | D:3      | Noticed a smoke demon
  3503 | D:3      | Found a basalt altar of Yredelemnul.
  3503 | D:3      | Noticed a weeping skull
  3511 | D:3      | Gained mutation: Your flesh is heat resistant. (rF+)
                  | [potion of mutation]
  3511 | D:3      | Gained mutation: You occasionally lose the ability to read
                  | scrolls when taking damage. [potion of mutation]
  3644 | D:3      | Found a bloodstained altar of Trog.
  3703 | D:3      | Killed a weeping skull
  3704 | D:3      | Reached skill level 4 in Spellcasting
  3704 | D:3      | Reached XP level 5. HP: 28/28 MP: 0/13
  3969 | D:3      | Found a one-way gate to the infinite horrors of the Abyss.
  4023 | D:3      | Found a large runed translucent door.
  4023 | D:3      | Found a large runed translucent door.
  4023 | D:3      | Found a corrupted altar of Lugonu.
  4748 | D:4      | Found a staircase to the Ecumenical Temple.
  4979 | D:4      | Found a radiant altar of Vehumet.
  5028 | D:4      | Reached XP level 6. HP: 32/32 MP: 9/15
  5243 | D:4      | Found a blossoming altar of Fedhas.
  5250 | Temple   | Entered the Ecumenical Temple
  5268 | D:4      | Became a worshipper of Vehumet
  5640 | D:4      | Noticed Ijyb
  5646 | D:4      | Killed Ijyb
  5758 | D:4      | Reached skill level 5 in Spellcasting
  5897 | D:4      | HP: 1/32 [gnoll/+0 flail (8)]
  5900 | D:4      | Reached * piety under Vehumet
  5900 | D:4      | Offered knowledge of Freeze by Vehumet.
  6117 | D:4      | Learned a level 4 spell: Olgreb's Toxic Radiance
  6441 | D:4      | Reached ** piety under Vehumet
  6442 | D:4      | Offered knowledge of Sandblast by Vehumet.
  6824 | D:4      | Found a sacrificial altar of Ru.
  6850 | D:4      | Reached XP level 7. HP: 36/36 MP: 14/16
  6871 | D:4      | Found a broken altar of Ashenzari.
  7041 | D:5      | Entered Level 5 of the Dungeon
  7070 | D:4      | HP: 1/36 [gnoll bouda/+0 club (5)]
  7075 | D:4      | HP: 2/54 [gnoll bouda/+0 club (1)]
  7079 | D:4      | Mangled by a gnoll bouda

Illustrated notes

Levels and vault maps discovered:
D:1:      enne_arrival_octagon_isle, layout_rooms
D:2:      layout_basic, basic_altar, minmay_misc_feat_plants,
          serial_bayou_lagoon_b
D:3:      due_chaos_kobolds, layout_loops_corners, mainiacjoe_overflow_alcove_1,
          yredelemnul_forgotten_temple_becter, makhleb_altar_promises_db,
          minmay_distorted
D:4:      minmay_goblin_kobold_castle, layout_basic,
          mainiacjoe_overflow_24_doors, mainiacjoe_overflow_catwalk,
          mainiacjoe_overflow_two_lobes, uniq_ijyb
D:5:      minmay_angry_zag, layout_cave_pools,
          mainiacjoe_overflow_surrounded_room,
          mainiacjoe_overflow_six_doors_small, chequers_arboretum
Temple:   nicolae_temple_total_abyssal_victory

Skill      XL: |  1  2  3  4  5  6 |
---------------+-------------------+-----
Stealth        | 3 4 |  4.9
Dodging        | 3 4 |  4.5
Conjurations   | 2 3 |  3.7
Spellcasting   | 4 5 |  5.3
Fire Magic     | 4 |  4.9
Alchemy        | |  0.4

Action                     |  1- 3 |  4- 6 |  7- 9 || total
---------------------------+-------+-------+-------++-------
  Melee: Unarmed           |    12 |     6 |     4 ||    22
   Cast: Foxfire           |   202 |   221 |     2 ||   425
         Scorch            |     7 |    25 |     8 ||    40
    Use: Scroll            |       |     3 |       ||     3
         Potion            |       |     3 |     4 ||     7
   Stab: Sleeping          |     1 |       |       ||     1
 Armour: Robe              |    16 |    23 |    12 ||    51
  Dodge: Dodged            |    25 |    49 |    21 ||    95
